 Dungeon Crawl Stone Soup version 0.30-a0-1014-g3371b13838 (webtiles) character file.

Game seed: 2205703142958923906

89 Lavandula the Caller (level 4, -9/32 HPs)
             Began as a Gnoll Summoner on Apr 6, 2023.
             Killed from afar by Ijyb (15 damage)
             ... with a bolt of dispelling energy
             ... on level 3 of the Dungeon.
             The game lasted 00:03:53 (1298 turns).

Lavandula the Caller (Gnoll Summoner)               Turns: 1298, Time: 00:03:53

Health: -9/32      AC:  5    Str:  7    XL:     4   Next: 55%
Magic:  6/11       EV: 10    Int: 23    God:
Gold:   72         SH:  0    Dex: 12    Spells: 7/13 levels left

rFire   . . .      SeeInvis .    p - +1 dagger (vamp)
rCold   . . .      Faith    .    (no shield)
rNeg    + . .      Spirit   .    e - +0 ring mail
rPois   .          Reflect  .    (no helmet)
rElec   .          Rampage  .    (no cloak)
rCorr   .                        (no gloves)
Will    .....                    (no boots)
Stlth   ++                       (no amulet)
HPRegen 0.25/turn                h - +6 ring of intelligence
MPRegen 0.12/turn                m - ring of positive energy

@: on berserk cooldown, slowed, very slow
A: fangs 1, strong nose, distributed training
a: no special abilities


You were on level 3 of the Dungeon.
You visited 1 branch of the dungeon, and saw 3 of its levels.

You collected 72 gold pieces.

Inventory:

Hand Weapons
 c - a +0 whip
 p - a +1 vampiric dagger (weapon)
Armour
 a - a +0 robe
 e - a +0 ring mail (worn)
Jewellery
 h - a +6 ring of intelligence (left hand)
 m - a ring of positive energy (right hand)
Scrolls
 f - a scroll of vulnerability {unknown}
 g - a scroll of blinking {unknown}
 k - a scroll of summoning {unknown}
 l - a scroll of poison {unknown}
 n - a scroll of torment {unknown}
 r - 2 scrolls of immolation {unknown}
 s - a scroll of teleportation {unknown}
 t - 3 scrolls of identify {unknown}
Potions
 b - a potion of magic
 i - a potion of attraction
 j - a potion of lignification
 o - a potion of brilliance
 q - a potion of degeneration {unknown}


   Skills:
 + Level 1.2 Fighting
 + Level 1.2 Short Blades
 + Level 1.2 Long Blades
 + Level 1.2 Axes
 + Level 1.2 Maces & Flails
 + Level 1.2 Polearms
 + Level 1.2 Staves
 + Level 1.2 Ranged Weapons
 + Level 1.2 Throwing
 + Level 1.2 Armour
 + Level 4.7 Dodging
 + Level 4.3 Stealth
 + Level 1.2 Shields
 + Level 1.2 Unarmed Combat
 + Level 5.1 Spellcasting
 + Level 1.0 Conjurations
 + Level 1.0 Hexes
 + Level 7.1 Summonings
 + Level 1.0 Necromancy
 + Level 1.0 Translocations
 + Level 1.0 Transmutations
 + Level 1.0 Fire Magic
 + Level 1.0 Ice Magic
 + Level 1.0 Air Magic
 + Level 1.0 Earth Magic
 + Level 1.0 Poison Magic
 + Level 1.3 Invocations
 + Level 1.2 Evocations


You had 7 spell levels left.
You knew the following spells:

 Your Spells              Type           Power      Damage    Failure   Level
a - Summon Small Mammal   Summ           100%       N/A       1%          1
b - Call Imp              Summ           38%        N/A       2%          2
c - Call Canine Familiar  Summ           38%        N/A       4%          3

Your spell library contained the following spells:

 Spells                   Type           Power      Damage    Failure   Level
 Summon Guardian Golem    Hex/Summ       24%        N/A       19%         3
 Summon Lightning Spire   Summ/Air       24%        N/A       52%         4


Dungeon Overview and Level Annotations

Branches:
Dungeon (3/15)

Altars:
The Shining One

Annotations:
D:2 jackals
D:3 Ijyb


Innate Abilities, Weirdness & Mutations

You have very sharp teeth.
Your uncanny sense of smell can sniff out nearby items.
Your experience applies equally to all skills.


Message History

What are your orders? t - Creak!
Orders for allies: a - Attack new target. r - Retreat! s - Stop attacking. g - Guard the area. f - Follow me.
Anything else - Cancel.
Gang up on whom?
Press: ? - help, Dir - move target, f - Ijyb
Aim: Ijyb, wielding a +0 dagger, wearing a +0 leather armour and carrying a wand of quicksilver (5) (moderately wounded) Attack!
The goblin hits your white imp but does no damage.
Ijyb zaps a wand.
The bolt of dispelling energy hits the goblin!!
The goblin dies!
The bolt of dispelling energy hits your white imp!
Your white imp dies!
Your white imp disappears in a puff of smoke!
The bolt of dispelling energy hits your quokka!
Your quokka dies!
Your quokka's corpse disappears in a puff of smoke!
The bolt of dispelling energy hits you!
Your magical effects are unravelling.
* * * LOW HITPOINT WARNING * * *
You feel less attractive to monsters.
It was a potion of berserk rage.
A red film seems to cover your vision as you go berserk!
You feel yourself moving faster!
You feel mighty!
You feel less wooden.
Your +0 ring mail unmelds from your body.
You feel a little less clever now.
You are too berserk!
Unknown command.
Unknown command.
You feel a strong urge to attack something.
You feel your anger nearly subside.
You are no longer berserk.
You are exhausted.
You feel yourself slow down.
Ijyb zaps a wand.
The bolt of dispelling energy hits you!
Your magical effects are unravelling.
You die...

J..#####.# ##[
.......#####.# ##.
......##....### #..
.....##......# ##.#
∆
....##g...g.#####..#
........hr...†...##
...###......##.###
.#h# #......#### #@#
###....# #.# #.####
#g#####.# #.)...r.#
#.....### #....##
######


You could see Ijyb (ally target) and a friendly hound (summoned).

Vanquished Creatures
  Terence (D:3)
  A dart slug (D:3)
  2 bats
  4 endoplasms
  A giant cockroach (D:1)
  A goblin (D:1)
  2 hobgoblins
  3 jackals (D:1)
  2 ball pythons (D:1)
  4 rats
21 creatures vanquished.

Vanquished Creatures (collateral kills)
  An adder (D:2)
  2 dart slugs
  A bat (D:3)
  2 endoplasms (D:3)
  A giant cockroach (D:1)
  2 goblins
  2 hobgoblins (D:1)
  5 jackals
  A quokka (D:3)
  2 ball pythons (D:1)
  3 kobolds (D:1)
22 creatures vanquished.

Vanquished Creatures (others)
  A goblin (D:3)
1 creature vanquished.

Grand Total: 44 creatures vanquished

Notes
Turn   | Place    | Note
-------+----------+-------------------------------------------
     0 | D:1      | Lavandula the Gnoll Summoner began the quest for the Orb.
     0 | D:1      | Reached XP level 1. HP: 13/13 MP: 6/6
   110 | D:1      | Reached XP level 2. HP: 17/19 MP: 5/7
   656 | D:1      | Reached skill level 5 in Spellcasting
   656 | D:1      | Reached XP level 3. HP: 17/25 MP: 7/9
   799 | D:1      | Learned a level 2 spell: Call Imp
   803 | D:1      | Learned a level 3 spell: Call Canine Familiar
  1001 | D:2      | Reached skill level 1 in Invocations
  1021 | D:2      | Reached skill level 1 in Fighting
  1021 | D:2      | Reached skill level 1 in Short Blades
  1021 | D:2      | Reached skill level 1 in Long Blades
  1021 | D:2      | Reached skill level 1 in Axes
  1021 | D:2      | Reached skill level 1 in Maces & Flails
  1021 | D:2      | Reached skill level 1 in Polearms
  1021 | D:2      | Reached skill level 1 in Staves
  1021 | D:2      | Reached skill level 1 in Ranged Weapons
  1021 | D:2      | Reached skill level 1 in Throwing
  1021 | D:2      | Reached skill level 1 in Armour
  1021 | D:2      | Reached skill level 1 in Shields
  1021 | D:2      | Reached skill level 1 in Unarmed Combat
  1021 | D:2      | Reached skill level 1 in Evocations
  1036 | D:3      | Noticed Terence
  1051 | D:3      | Killed Terence
  1052 | D:3      | Reached skill level 1 in Conjurations
  1052 | D:3      | Reached skill level 1 in Hexes
  1052 | D:3      | Reached skill level 1 in Necromancy
  1052 | D:3      | Reached skill level 1 in Translocations
  1052 | D:3      | Reached skill level 1 in Transmutations
  1052 | D:3      | Reached skill level 1 in Fire Magic
  1052 | D:3      | Reached skill level 1 in Ice Magic
  1052 | D:3      | Reached skill level 1 in Air Magic
  1052 | D:3      | Reached skill level 1 in Earth Magic
  1052 | D:3      | Reached skill level 1 in Poison Magic
  1052 | D:3      | Reached XP level 4. HP: 32/32 MP: 2/11
  1247 | D:3      | Found a glowing golden altar of the Shining One.
  1262 | D:3      | Noticed Ijyb
  1298 | D:3      | Killed from afar by Ijyb

Illustrated notes

Levels and vault maps discovered:
D:1:      mrwooster_arrival_statue, layout_loops_cross
D:2:      minmay_general_purpose_star, layout_basic,
          hellmonk_ecumenical_altar_blasted, minmay_tall_x
D:3:      layout_rooms, nicolae_overflow_crystal_walls,
          minmay_misc_feat_four_crosses, uniq_terence, uniq_ijyb

Skill      XL: |  1  2  3 |
---------------+----------+-----
Spellcasting   | 5 |  5.1
Invocations    | 1 |  1.3
Fighting       | 1 |  1.2
Short Blades   | 1 |  1.2
Long Blades    | 1 |  1.2
Axes           | 1 |  1.2
Maces & Flails | 1 |  1.2
Polearms       | 1 |  1.2
Staves         | 1 |  1.2
Ranged Weapons | 1 |  1.2
Throwing       | 1 |  1.2
Armour         | 1 |  1.2
Shields        | 1 |  1.2
Unarmed Combat | 1 |  1.2
Evocations     | 1 |  1.2
Conjurations   | 1 |  1.0
Hexes          | 1 |  1.0
Necromancy     | 1 |  1.0
Translocations | 1 |  1.0
Transmutations | 1 |  1.0
Fire Magic     | 1 |  1.0
Ice Magic      | 1 |  1.0
Air Magic      | 1 |  1.0
Earth Magic    | 1 |  1.0
Poison Magic   | 1 |  1.0
Dodging        | |  4.7
Stealth        | |  4.3
Summonings     | |  7.1

Action                     |  1- 3 |  4- 6 || total
---------------------------+-------+-------++-------
  Melee: Whip              |   106 |       ||   106
         Unarmed           |     3 |       ||     3
         Bite              |     9 |     2 ||    11
         Punch             |     2 |       ||     2
         Dagger            |     1 |    14 ||    15
   Cast: Summon Small Mamm |    18 |     2 ||    20
         Call Imp          |     2 |     2 ||     4
         Call Canine Famil |     2 |     1 ||     3
    Use: Potion            |       |     4 ||     4
   Stab: Sleeping          |     4 |     1 ||     5
         Distracted        |     2 |       ||     2
 Armour: Ring mail         |    44 |     3 ||    47
         Robe              |     1 |       ||     1
  Dodge: Dodged            |    75 |     9 ||    84

Table legend: (Time is in decaauts)
 A = Elapsed time spent in this place.
 B = Non-inter-level travel time spent in this place.
 C = Inter-level travel time spent in this place.
 D = Time resting spent in this place.
 E = Time spent auto-exploring this place.
 F = Levels seen in this place.
 G = Mean time per level.
                   A        B        C        D        E       F      G
               +--------+--------+--------+--------+--------+-----+--------+
         Total |   1302 |   1291 |     11 |      0 |    859 |   3 |  434.0 |
       Dungeon |   1302 |   1291 |     11 |      0 |    859 |   3 |  434.0 |
               +--------+--------+--------+--------+--------+-----+--------+

Top non-repeatable levels by time:
     D:1: 893 daAuts
     D:3: 260 daAuts
     D:2: 148 daAuts
